Map: Ulrena

Players

Harstem

  • Race: Protoss Protoss

Jim - Winner!

  • Race: Protoss Protoss

Event: DreamHack Open Tours WCS Spring Championship

VOD

Have the link to the VOD?

Description

Time

  • Played on: May 14, 2016, 2:09 p.m.
  • Length: 11:30

All games in this series

Show
View Real Time Build Order
Export as new Build Order

Harstem Protoss 

Build Orders: Phoenix Opening 

Get SALT Encoding   

  12  0:00  Probe (Chrono Boost)  
  13  0:11  Probe (Chrono Boost)  
  14  0:18  Pylon  
  14  0:22  Probe (Chrono Boost)  
  15  0:36  Probe (Chrono Boost)  
  15  0:37  Gateway  
  16  0:47  Probe (Chrono Boost), Assimilator  
  17  0:51  Assimilator  
  17  0:57  Probe (Chrono Boost)  
  18  1:08  Probe (Chrono Boost)  
  18  1:11  Gateway  
  19  1:19  Probe (Chrono Boost)  
  19  1:24  Cybernetics Core  
  20  1:29  Probe (Chrono Boost)  
  21  1:36  Pylon  
  22  1:40  Probe (Chrono Boost)  
  22  1:51  Probe (Chrono Boost)  
  23  2:01  Stalker  
  25  2:02  Mothership Core (Chrono Boost)  
  25  2:07  Stalker  
  29  2:13  Warp Gate (Chrono Boost)  
  29  2:33  Sentry  
  29  2:36  Pylon  
  31  2:54  Nexus  
  31  2:57  Stalker  
  33  3:08  Stalker  
  35  3:14  Pylon  
  35  3:25  Probe (Chrono Boost)  
  36  3:31  Robotics Facility  
  36  3:37  Probe (Chrono Boost)  
  37  3:47  Probe (Chrono Boost)  
  38  3:51  Phoenix  
  38  3:56  Twilight Council  
  38  3:58  Probe (Chrono Boost)  
  39  4:08  Probe (Chrono Boost)  
  39  4:09  Stalker x2  
  42  4:11  Probe (Chrono Boost)  
  43  4:19  Probe (Chrono Boost)  
  43  4:22  Probe (Chrono Boost)  
  45  4:28  Blink (Chrono Boost)  
  45  4:29  Probe (Chrono Boost)  
  46  4:31  Probe (Chrono Boost)  
  47  4:40  Probe, Pylon  
  47  4:41  Probe  
  47  4:43  Observer (Chrono Boost)  
  50  4:50  Stalker  
  52  4:52  Probe (Chrono Boost)  
  52  4:54  Probe (Chrono Boost)  
  52  5:01  Stalker  
  52  5:04  Probe (Chrono Boost)  
  52  5:05  Probe (Chrono Boost)  
  56  5:12  Forge  
  56  5:13  Stalker  
  58  5:16  Probe x2 (Chrono Boost)  
  60  5:26  Probe (Chrono Boost), Stalker  
  63  5:29  Probe (Chrono Boost)  
  64  5:36  Stalker  
  64  5:37  Probe (Chrono Boost)  
  64  5:41  Assimilator  
  68  5:46  Protoss Ground Weapons Level 1 (Chrono Boost)  
  68  5:49  Gateway  
  67  6:00  Pylon  
  67  6:02  Nexus  
  67  6:04  Probe x2  
  68  6:07  Assimilator  
  69  6:11  Pylon  
  69  6:15  Resonating Glaives  
  69  6:16  Probe  
  70  6:23  Stalker  
  70  6:24  Sentry  
  72  6:26  Probe  
  72  6:29  Gateway  
  72  6:30  Probe, Gateway  
  74  6:37  Gateway  
  70  6:47  Probe (Chrono Boost)  
  70  6:50  Probe (Chrono Boost)  
  70  6:53  Stalker x2  
  76  6:56  Pylon  
  76  6:58  Probe (Chrono Boost)  
  76  7:00  Probe  
  78  7:02  Pylon, Sentry  
  80  7:10  Probe  
  80  7:12  Gateway  
  80  7:13  Gateway  
  81  7:22  Warp Prism (Chrono Boost), Gateway  
  81  7:23  Gateway  
  81  7:24  Sentry  
  81  7:25  Sentry  
  87  7:31  Stalker  
  87  7:33  Protoss Ground Weapons Level 2 (Chrono Boost)  
  87  7:35  Adept  
  91  7:41  Adept x2  
  95  7:46  Probe  
  95  7:50  Adept  
  95  7:51  Adept  
  100  8:02  Adept x4  
  100  8:03  Pylon  
  108  8:13  Adept x4  
  108  8:17  Pylon  
  108  8:18  Pylon  
  108  8:19  Pylon  
  116  8:30  Stalker x4  
  116  8:34  Stalker  
  116  8:39  Stalker  
  116  8:40  Sentry x2  
  116  8:55  Adept x3  
  108  8:56  Adept  
  108  9:00  Adept  
  96  9:05  Adept  
  96  9:06  Adept x2  
  80  9:17  Stalker x3  
  82  9:27  Stalker x3  
  78  9:34  Adept x2  
  78  9:40  Adept x2  
  78  9:42  Probe (Chrono Boost)  
  83  9:46  Adept  
  83  9:47  Adept  
  83  9:50  Sentry  
  89  9:56  Stalker  
  89  9:57  Adept  
  93  10:03  Adept x2  
  95  10:11  Stalker x2  
  88  10:14  Stalker  
  88  10:20  Stalker  
  84  10:23  Adept x2  
  84  10:25  Probe (Chrono Boost)  
  77  10:29  Adept  
  77  10:30  Adept  
  77  10:33  Stalker  
  75  10:37  Adept  
  75  10:38  Zealot  
  75  10:41  Adept  
  77  10:43  Stalker  
  77  10:47  Zealot  
  75  10:51  Probe (Chrono Boost)  
  75  10:53  Probe (Chrono Boost), Stalker  
  75  10:56  Zealot x2  
  77  11:00  Stalker  
  71  11:05  Stalker  
  71  11:09  Stalker  
  72  11:12  Adept  
  70  11:19  Adept  
  70  11:20  Stalker  
  66  11:25  Stalker  
Show
View Real Time Build Order
Export as new Build Order

Jim Protoss - Winner!

Build Orders: Phoenix Opening 

Get SALT Encoding   

  12  0:00  Probe (Chrono Boost)  
  13  0:11  Probe (Chrono Boost)  
  14  0:17  Pylon  
  14  0:22  Probe (Chrono Boost)  
  15  0:36  Probe (Chrono Boost), Gateway  
  16  0:42  Assimilator  
  16  0:46  Probe (Chrono Boost)  
  17  0:52  Assimilator  
  18  0:57  Probe (Chrono Boost)  
  18  1:07  Probe (Chrono Boost)  
  19  1:18  Probe (Chrono Boost)  
  20  1:23  Cybernetics Core  
  20  1:28  Probe (Chrono Boost)  
  20  1:30  Pylon  
  21  1:39  Probe (Chrono Boost)  
  22  1:44  Pylon  
  22  1:49  Probe (Chrono Boost)  
  23  2:00  Stalker, Mothership Core (Chrono Boost)  
  23  2:01  Warp Gate (Chrono Boost)  
  27  2:19  Probe (Chrono Boost)  
  27  2:20  Stargate  
  28  2:29  Probe (Chrono Boost)  
  29  2:48  Stalker  
  31  2:55  Nexus  
  31  3:03  Probe  
  31  3:04  Phoenix (Chrono Boost)  
  34  3:12  Pylon  
  34  3:15  Probe  
  30  3:27  Probe, Phoenix (Chrono Boost)  
  38  3:34  Pylon  
  38  3:39  Probe  
  41  3:48  Phoenix (Chrono Boost)  
  41  3:51  Probe  
  42  4:04  Probe  
  42  4:05  Probe  
  44  4:10  Phoenix (Chrono Boost)  
  44  4:16  Probe  
  46  4:18  Probe  
  46  4:20  Robotics Facility  
  48  4:27  Probe  
  48  4:30  Probe  
  50  4:32  Phoenix (Chrono Boost)  
  50  4:37  Probe  
  52  4:41  Assimilator  
  52  4:42  Probe  
  54  4:48  Probe  
  54  4:51  Assimilator  
  55  4:54  Probe, Phoenix (Chrono Boost)  
  55  4:58  Probe  
  58  5:06  Probe  
  60  5:07  Observer  
  60  5:09  Probe, Gateway  
  60  5:11  Gateway  
  62  5:17  Forge  
  62  5:22  Pylon  
  62  5:37  Phoenix  
  62  5:39  Immortal (Chrono Boost)  
  62  5:40  Probe x2  
  70  5:43  Pylon  
  70  5:46  Pylon  
  70  6:00  Protoss Ground Weapons Level 1 (Chrono Boost)  
  70  6:01  Pylon, Phoenix  
  72  6:05  Sentry  
  72  6:06  Sentry  
  76  6:12  Nexus  
  76  6:19  Probe x2, Immortal  
  82  6:28  Phoenix  
  84  6:34  Twilight Council  
  84  6:37  Probe x2  
  86  6:49  Probe x2  
  86  6:51  Stalker x2  
  86  6:53  Stalker  
  94  6:58  Pylon  
  94  7:06  Blink (Chrono Boost)  
  94  7:09  Twilight Council  
  94  7:14  Immortal  
  98  7:25  Gateway  
  98  7:26  Gateway  
  98  7:28  Gateway  
  98  7:30  Phoenix (Chrono Boost)  
  100  7:42  Sentry, Stalker  
  100  7:44  Stalker  
  106  7:47  Protoss Ground Weapons Level 2  
  106  7:48  Warp Prism  
  106  7:51  Probe x2  
  108  7:52  Probe  
  108  7:57  Phoenix (Chrono Boost)  
  113  8:02  Gateway  
  113  8:04  Pylon  
  113  8:09  Stalker x2  
  117  8:16  Pylon  
  117  8:20  Gateway  
  117  8:21  Observer  
  117  8:23  Gateway  
  110  8:39  Stalker x2  
  110  8:40  Stalker x2  
  110  8:41  Stalker x2  
  96  9:02  Stalker  
  96  9:03  Stalker  
  90  9:11  Stalker x2  
  84  9:23  Stalker x3  
  84  9:29  Probe x2  
  86  9:40  Immortal, Stalker x3  
  86  9:41  Stalker  
  86  9:43  Zealot x2  
  100  9:53  Assimilator  
  100  9:55  Pylon  
  100  10:02  Stalker x2  
  100  10:03  Stalker x2  
  100  10:04  Stalker  
  106  10:13  Stalker x2  
  95  10:21  Stalker x2  
  95  10:28  Zealot x2, Stalker  
  80  10:36  Stalker  
  80  10:37  Zealot x2, Stalker  
  84  10:47  Stalker  
  84  10:48  Stalker  
  84  10:49  Zealot, Stalker  
  86  11:01  Zealot, Stalker  
  86  11:02  Zealot  
  82  11:07  Zealot, Stalker  
  84  11:15  Stalker  
  84  11:16  Zealot, Stalker x2  
  90  11:24  Zealot x2, Stalker  

Tags
 
Add a new tag
Caveats
  • Supply blocks, unpowered buildings, or Contaminate may cause inaccurate times.
  • Supply counts are checked every 10 seconds.